 Dungeon Crawl Stone Soup version 0.24-a0-230-g536ed4e (webtiles) character file.

Game seed: 11678979042976883518

1312 JeffiDaFish the Covert (level 8, -1/32 HPs)
             Began as a Spriggan Enchanter on Apr 1, 2019.
             Was a Follower of Sif Muna.
             Slain by an ice beast (14 damage)
             ... on level 6 of the Dungeon on Apr 2, 2019.
             The game lasted 00:33:48 (10208 turns).

JeffiDaFish the Covert (Spriggan Enchanter)        Turns: 10208, Time: 00:33:48

Health: -1/32      AC:  2    Str:  7    XL:     8   Next: 32%
Magic:  14/19      EV: 20    Int: 20    God:    Sif Muna [*.....]
Gold:   190        SH:  0    Dex: 16    Spells: 10/21 levels left

rFire    . . .     SeeInvis +   o - +1 short sword (speed)
rCold    . . .     Gourm    .   (shield restricted)
rNeg     . . .     Faith    .   b - +0 robe
rPois    .         Spirit   .   (helmet restricted)
rElec    .         Reflect  .   (no cloak)
rCorr    .         Harm     .   (gloves unavailable)
MR       +....                  (boots unavailable)
Stlth    ++++......             (no amulet)
HPRegen  0.10/turn              l - +3 ring of slaying
MPRegen  0.16/turn              (no ring)

@: divine energy, very quick
A: very small, unfitting armour, antennae 1, see invisible, clever 1, herbivore,
speed 3, frail 1, slow metabolism 2, strong 1
a: Stop Divine Energy, Renounce Religion


You were on level 6 of the Dungeon.
You worshipped Sif Muna.
Sif Muna was aware of your devotion.
You were not hungry.

You visited 2 branches of the dungeon, and saw 7 of its levels.

You collected 190 gold pieces.

Inventory:

Hand Weapons
 a - a +2 dagger
 m - a +0 blowgun
 o - a +1 short sword of speed (weapon)
Missiles
 n - 7 poisoned needles
Armour
 b - a +0 robe (worn)
Jewellery
 l - a +3 ring of slaying (left hand)
Wands
 q - a wand of paralysis (10)
Scrolls
 c - 8 scrolls of identify
 e - 4 scrolls of remove curse
 g - 2 scrolls of fog
 i - a scroll of teleportation
 j - a scroll of blinking
 p - a scroll of amnesia
Potions
 f - 2 potions of mutation
 h - a potion of might
 k - a potion of curing
 r - a potion of heal wounds
Comestibles
 d - 9 rations


   Skills:
 - Level 2.4 Short Blades
 + Level 5.0 Dodging
 + Level 8.6 Stealth
 * Level 7.2 Spellcasting
 * Level 8.0 Hexes


You had 10 spell levels left.
You knew the following spells:

 Your Spells              Type           Power        Failure   Level  Hunger
a - Corona                Hex            #####..      1%          1    None
b - Ensorcelled Hibernat  Hex/Ice        ###...       2%          2    None
c - Confuse               Hex            #####...     1%          3    #......
d - Dazzling Spray        Conj/Hex       ###...       5%          3    #......
e - Slow                  Hex            #####...     1%          2    None

Your spell library contained the following spells:

 Spells                   Type           Power        Failure   Level  Hunger
 Tukima's Dance           Hex            #####...     1%          3    #......
 Animate Skeleton         Necr           N/A          10%         1    None
 Magic Dart               Conj           #...         10%         1    None
 Pain                     Necr           #...         10%         1    None
 Blink                    Tloc           N/A          14%         2    None
 Call Imp                 Summ           #.......     14%         2    None
 Conjure Flame            Conj/Fire      #.......     28%         3    #......
 Mephitic Cloud           Conj/Pois/Air  #.......     28%         3    #......
 Regeneration             Chrm/Necr      #.........   28%         3    #......
 Vampiric Draining        Necr           #.........   28%         3    #......
 Animate Dead             Necr           N/A          67%         4    ###....


Dungeon Overview and Level Annotations

Branches:
Dungeon (6/15)             Temple (1/1) D:4

Altars:
Cheibriados
Dithmenos
Elyvilon
Fedhas
Hepliaklqana
Kikubaaqudgha
Makhleb
Nemelex Xobeh
Okawaru
Qazlal
Ru
Sif Muna
Vehumet
Wu Jian
Xom
Yredelemnul
Zin
The Shining One


Innate Abilities, Weirdness & Mutations

You are very small and have problems with some larger weapons.
You are too small for most types of armour.
You have supernaturally acute eyesight. (SInv)
You are a herbivore.
You cover ground extremely quickly.
You need to consume almost no food.
You have a pair of small antennae on your head.
Your mind is acute. (Int +2)
You are frail. (-10% HP)
Your muscles are strong. (Str +2)


Message History

You destroy the wight!
Sif Muna accepts your kill.
Your life force feels restored.
Your Dodging skill increases to level 5!
Your Hexes skill increases to level 8!
Casting: Confuse (safe; 1% risk of failure)
Confirm with . or Enter, or press ? or * to list all spells.
Aiming: Confuse (safe; 1% risk of failure)
Press: ? - help, Shift-Dir - straight line, f - ice beast
Aim: an ice beast (chance to defeat MR: 67%)
The ice beast appears confused.
The ice beast hits you. The ice beast freezes you.
Items here: ( ) ? [ a cursed +0 morningstar; 21 stones; a +0 robe; a scroll labeled DETIJ FEEVUCW You barely miss the ice beast.
You hit the ice beast but do no damage. You hit the ice beast.
The ice beast is lightly wounded.
The ice beast hits you. The ice beast freezes you!
You die...

#.# #.# #. #.# #.# #.###
#.######## #... ###........#
#..# .. #....#.#.#.###..# ...
............##..##########..(.g
.....#.#)#..(...@Y.(..........#
............##.####..$##......#
.....#.#.#.###.# #..#..#..#...#
...........# #.# #.###...###..#
#...#..)#### #.# #..#..#..#...#
........# #.# ##.!...#z....#
######### #.# ##....Y..#.##
#### #.. ..........# ...###
..#..z..# .#


You could see an ice beast (confused).

Vanquished Creatures
  An ice beast (D:5)
  3 ogres
  A big kobold (D:4)
  A scorpion (D:2)
  2 wights (D:6)
  A crimson imp (D:5)
  2 jellies
  A hound (D:4)
  A gnoll shaman (D:4)
  An iguana (D:4)
  8 orc wizards
  4 worker ants
  A howler monkey zombie (D:5)
  4 gnolls (D:4)
  6 adders
  2 shadow imps (D:5)
  3 oozes
  An adder skeleton (D:5)
  5 worms
  3 dart slugs (D:2)
  4 leopard geckos
  21 orcs
  A bat (D:2)
  7 giant cockroaches
  4 goblins
  5 hobgoblins
  3 jackals (D:1)
  2 quokkas
  2 frilled lizards
  2 jackal skeletons
  22 kobolds
  17 rats
  A fungus (D:3)
142 creatures vanquished.

Vanquished Creatures (others)
  2 plants (D:4)
2 creatures vanquished.

Grand Total: 144 creatures vanquished

Notes
Turn   | Place    | Note
-------+----------+-------------------------------------------
     0 | D:1      | JeffiDaFish the Spriggan Enchanter began the quest for the
                  | Orb.
     0 | D:1      | Reached XP level 1. HP: 9/9 MP: 5/5
   247 | D:1      | Reached XP level 2. HP: 5/13 MP: 4/6
   788 | D:1      | Reached skill level 5 in Stealth
  1189 | D:1      | Upgraded the game from 0.24-a0-226-gca05e9d to
                  | 0.24-a0-230-g536ed4e
  1730 | D:1      | Learned a level 2 spell: Ensorcelled Hibernation
  2053 | D:2      | Noticed a scorpion
  2189 | D:2      | Reached XP level 3. HP: 16/16 MP: 2/8
  2469 | D:2      | Killed a scorpion
  2469 | D:2      | Reached XP level 4. HP: 21/21 MP: 6/9
  3058 | D:2      | Learned a level 3 spell: Confuse
  3062 | D:2      | Learned a level 3 spell: Dazzling Spray
  3093 | D:2      | Gained mutation: Your mind is acute. (Int +2) [potion of
                  | mutation]
  3093 | D:2      | Gained mutation: You are frail. (-10% HP) [potion of
                  | mutation]
  3093 | D:2      | Gained mutation: You have a pair of small antennae on your
                  | head. [potion of mutation]
  3093 | D:2      | Gained mutation: Your muscles are strong. (Str +2) [potion
                  | of mutation]
  3580 | D:2      | Found a snail-covered altar of Cheibriados.
  3600 | D:2      | Found an ancient bone altar of Kikubaaqudgha.
  4485 | D:3      | Found a blossoming altar of Fedhas.
  4613 | D:3      | Found an iron altar of Okawaru.
  4779 | D:3      | Found a glowing silver altar of Zin.
  4779 | D:3      | Noticed an angel
  4813 | D:3      | Reached XP level 5. HP: 21/21 MP: 8/11
  5059 | D:3      | Reached skill level 5 in Hexes
  5535 | D:4      | Noticed an ogre
  5538 | D:4      | Killed an ogre
  5572 | D:4      | Reached XP level 6. HP: 25/25 MP: 13/13
  6299 | D:4      | Learned a level 2 spell: Slow
  6347 | D:4      | Reached skill level 5 in Spellcasting
  6850 | D:4      | Found a staircase to the Ecumenical Temple.
  7093 | Temple   | Entered the Ecumenical Temple
  7165 | Temple   | Became a worshipper of Sif Muna the Loreminder
  7571 | D:4      | Reached XP level 7. HP: 28/28 MP: 12/16
  8310 | D:4      | Found a stormy altar of Qazlal.
  8497 | D:4      | Found a burning altar of Makhleb.
  8637 | D:5      | Entered Level 5 of the Dungeon
  8853 | D:5      | Found an ornate altar of the Wu Jian Council.
  9026 | D:5      | Reached * piety under Sif Muna
  9060 | D:5      | Found a shadowy altar of Dithmenos.
  9344 | D:5      | Reached XP level 8. HP: 20/32 MP: 7/18
 10203 | D:6      | Reached skill level 5 in Dodging
 10208 | D:6      | Slain by an ice beast

Levels and vault maps discovered:
D:1:      erik_arrival_orb_chamber, layout_rooms, serial_rivers,
          chequers_serial_rivers_micro_d, chequers_serial_rivers_large_b,
          chequers_serial_rivers_large_a, chequers_serial_rivers_small_b,
          chequers_serial_rivers_micro_b, chequers_serial_rivers_micro_c,
          minmay_pentomino_q2
D:2:      minmay_angry_zag, layout_rooms, lemuel_round_altar,
          kennysheep_slug_shrine
D:3:      layout_basic, fedhas_altar_3, zin_angel, okawaru_ov_weapons_minmay
D:4:      kennysheep_kobold_camp, layout_rooms,
          nicolae_qazlal_general_emergency, marbit_many_paths, temple_hall,
          patterned_corridor
D:5:      layout_rooms, nicolae_overflow_crystal_walls, first_ration,
          grunt_dithmenos_smoke_and_mirrors
D:6:      layout_rooms, serial_glass, glass_columns_a, glass_columns_b,
          feat_on_display, minmay_strange_pillars, item_on_display_a,
          minmay_strange_pillars, serial_shops, shop, uniq_menkaure, uniq_pikel
Temple:   cyrus_temple_forest

Skill      XL: |  1  2  3  4  5  6  7  8 |
---------------+-------------------------+-----
Stealth        | 5 6 7 8 |  8.6
Spellcasting   | 3 4 5 6 7 |  7.2
Short Blades   | 2 |  2.4
Hexes          | 4 5 6 7 8 |  8.0
Dodging        | 4 5 |  5.0

Action                   |  1- 3 |  4- 6 |  7- 9 || total
-------------------------+-------+-------+-------++-------
Melee: Dagger            |   128 |   152 |    68 ||   348
       Short sword       |       |       |   130 ||   130
 Fire: Blowgun           |       |     7 |       ||     7
 Cast: Corona            |    32 |    13 |     2 ||    47
       Ensorcelled Hiber |     5 |    51 |    36 ||    92
       Confuse           |       |     6 |    17 ||    23
       Slow              |       |     5 |     5 ||    10
       Dazzling Spray    |       |     3 |     5 ||     8
Invok: Divine Energy     |       |       |     1 ||     1
  Use: Scroll            |     5 |     6 |     1 ||    12
       Potion            |     2 |     4 |     2 ||     8
 Stab: Sleeping          |     3 |    36 |    26 ||    65
       Confused          |       |     1 |     6 ||     7
       Invisible         |       |     1 |     1 ||     2
       Distracted        |       |     1 |       ||     1
  Eat: Ration            |       |     3 |     2 ||     5
Armor: Robe              |    15 |     8 |     7 ||    30
Dodge: Dodged            |   113 |    87 |   105 ||   305

Table legend:
 A = Non-vault XP
 B = Vault XP
 C = Vault XP percentage of total XP
 D = Non-vault monster count
 E = Vault monster count
 F = Vault count percentage of total count
                 A         B        C        D         E       F
            +---------+---------+-------+---------+---------+-------
      Total |    1687 |     188 |  10.0 |     101 |      40 |  28.4
            +---------+---------+-------+---------+---------+-------
        D:1 |      21 |      13 |  38.2 |      10 |      13 |  56.5
        D:2 |     138 |      10 |   6.8 |      18 |       5 |  21.7
        D:3 |      67 |       0 |   0.0 |      12 |       0 |   0.0
        D:4 |     531 |     165 |  23.7 |      23 |      22 |  48.9
        D:5 |     638 |       0 |   0.0 |      33 |       0 |   0.0
        D:6 |     292 |       0 |   0.0 |       5 |       0 |   0.0
            +---------+---------+-------+---------+---------+-------
